 Dungeon Crawl Stone Soup version 0.19-a0-1608-g4cf22de (webtiles) character file.

31 jacquesderrida the Skirmisher (level 3, -1/21 HPs)
             Began as a Vine Stalker Wanderer on Sept 17, 2016.
             Killed by divine providence
             ... invoked by an orc priest
              (11 damage)
             ... on level 3 of the Dungeon.
             The game lasted 00:01:07 (430 turns).

jacquesderrida the Skirmisher (VSWn)                 Turns: 430, Time: 00:01:08

Health: -1/21      AC:  6    Str: 14    XL:     3   Next: 22%
Magic:  0/4        EV: 10    Int: 12    God:
Gold:   45         SH:  0    Dex: 14    Spells: 0 memorised, 2 levels left

rFire  . . .     SeeInvis .     a - +2 shortbow
rCold  . . .     Gourm    .     c - +0 ring mail
rNeg   . . .     Faith    .     (shield currently unavailable)
rPois  .         Spirit   +     (no helmet)
rElec  .         Dismiss  .     k - +0 cloak
rCorr  .         Reflect  .     (no gloves)
MR     .....     Harm     .     (no boots)
Stlth  +.........               (no amulet)
                                (no ring)
                                (no ring)

@: no status effects
A: fangs 2, magic shield, antimagic bite, no device heal 3, rot immunity
a: no special abilities


You were on level 3 of the Dungeon.
You were not hungry.

You visited 1 branch of the dungeon, and saw 3 of its levels.

You collected 45 gold pieces.

Inventory:

Hand Weapons
 a - a +2 shortbow (weapon)
 m - a +0 trident
Missiles
 b - 15 arrows (quivered)
Armour
 c - a +0 ring mail (worn)
 k - a +0 cloak (worn)
Scrolls
 g - 4 scrolls of identify {unknown}
 i - a scroll of amnesia {unknown}
Potions
 d - a potion of curing
 e - a potion of cure mutation {unknown}
 j - a potion of mutation {unknown}
 l - a potion of ambrosia {unknown}
Comestibles
 f - a bread ration
 h - a meat ration


   Skills:
 + Level 3.8 Fighting
 - Level 1.7 Bows
   Level 1.0 Crossbows
 - Level 1.5 Armour
 - Level 1.2 Stealth
   Level 1.0 Evocations


You had 2 spell levels left.
You didn't know any spells.

Dungeon Overview and Level Annotations

Branches:
Dungeon (3/15)

Altars:


Innate Abilities, Weirdness & Mutations

You have extremely sharp teeth.
When hurt, damage is shared between your health and your magic reserves.
Your bite disrupts and absorbs the magic of your enemies.
Potions and wands cannot restore your health.
You are immune to rotting.


Message History

No target in view!
No target in view!
b - 10 arrows (gained 1)
b - 11 arrows (gained 1)
There is a stone staircase leading up, spattered with blood here.
b - 13 arrows (gained 2)
You see here a trident.
b - 15 arrows (gained 2)
You see here a trident.
m - a trident An orc priest comes into view.
It is wielding a hand axe.
The orc priest shouts!
An orc comes into view.
The orc shouts!
An orc comes into view. It is wielding a hand axe.
The orc shouts!
The orc priest calls down the wrath of Beogh upon you.
Beogh smites you!
Ouch! That really hurt!
You die...

....##. .#
....... .#
....... .#
.......##.#####
.......#<......
...o...#.?...
.oo....#..#
.......@..##
#######.....#
......⌠...⌠.#
####.......#
#...<...#
#.......#
##..⌠...#
.........#
#.#......##


You could see an orc priest and 2 orcs.

Vanquished Creatures
  A gnoll (D:1)
  2 worms (D:2)
  An orc (D:3)
  2 bats
  A hobgoblin (D:1)
  2 kobolds (D:2)
  A quokka (D:2)
  2 frilled lizards
  2 goblins (D:2)
  A rat (D:1)
15 creatures vanquished.

Notes
Turn   | Place    | Note
-------+----------+-------------------------------------------
     0 | D:1      | jacquesderrida the Vine Stalker Wanderer began the quest for the Orb.
     0 | D:1      | jacquesderrida set off with: a +2 shortbow, 26 arrows, a +0 ring mail, a potion of curing, a bread ration
     0 | D:1      | Reached XP level 1. HP: 11/11 MP: 2/2
    28 | D:1      | Reached skill level 3 in Fighting
    28 | D:1      | Reached XP level 2. HP: 2/16 MP: 0/3
   306 | D:2      | Reached XP level 3. HP: 15/21 MP: 2/4
   430 | D:3      | Killed from afar by an orc priest

Vault maps used:
D:1:      minmay_arrival_split_and_join, serial_curves, eino_curves_01,
          eino_curves_04
D:2:      gammafunk_temple_overflow_statue, minmay_tetromino_o2
D:3:      grunt_temple_overflow_lords_of_destruction, tgw_trog,
          grunt_ministairs_1

Skill      XL: |  1 |
---------------+----+-----
Fighting       | 3 |  3.8
Bows           | |  1.7
Crossbows      | |  1.0
Armour         | |  1.5
Stealth        | |  1.2
Evocations     | |  1.0

Action                   || total
-------------------------++-------
 Fire: Shortbow          ||    52
Armor: Ring mail         ||    10
Dodge: Dodged            ||    13
